 Dungeon Sprint DCSS version 0.26-a0-665-gefeb406119 (webtiles) character file.

Game seed: 8694265043157126054

5000000 olmar the Formicid Barricade (level 27, -9/249 HPs)
             Began as a Formicid Fighter on Oct 14, 2020.
             Was the Champion of Makhleb.
             Mangled by a destroyer
             ... wielding a +9 vorpal great sword
              (205 damage)
             ... in the Dungeon (Sprint VIII: "Arena of Blood").
             The game lasted 00:02:00 (50 turns).

olmar the Formicid Barricade (Formicid Fighter)       Turns: 50, Time: 00:02:01

Health: -9/249     AC: 13    Str: 26    XL:     27
Magic:  26/54      EV: 29    Int: 11    God:    Makhleb [******]
Gold:   0          SH: 19    Dex: 15    Spells: 80/80 levels left

rFire    + . .     SeeInvis +   h - +∞ Axe of Woe
rCold    . . .     Faith    .   c - +0 kite shield
rNeg     . . .     Spirit   .   b - +0 scale mail
rPois    .         Reflect  .   (helmet unavailable)
rElec    .         Harm     .   (no cloak)
rCorr    .         Rampage  .   (no gloves)
MR       ++...                  (no boots)
Stlth    ++++++++..             (no amulet)
HPRegen  0.51/turn              i - ring of protection from fire
MPRegen  0.34/turn              (no ring)

@: no status effects
A: permanent stasis, dig shafts and tunnels, four strong arms, antennae 3
a: Dig, Minor Destruction, Lesser Servant of Makhleb, Major Destruction, Greater
Servant of Makhleb, Renounce Religion


You were in the Dungeon.
You worshipped Makhleb.
Makhleb was exalted by your worship.
You visited 1 branch

Inventory:

Hand Weapons
 a - a +0 war axe
 h - the +∞ Axe of Woe (weapon)
   (You found it in the Dungeon)
Armour
 b - a +0 scale mail (worn)
 c - a +0 kite shield (worn)
Jewellery
 i - a ring of protection from fire (left hand)
Potions
 d - a potion of might
 e - a potion of curing
 f - a potion of heal wounds
 g - 2 potions of magic


   Skills:
 O Level 27 Fighting
 O Level 27 Axes
 O Level 27 Throwing
 O Level 27 Armour
 O Level 27 Dodging
 O Level 27 Stealth
 O Level 27 Shields
 O Level 27 Unarmed Combat
 O Level 27 Spellcasting
 O Level 27 Invocations


You had 80 spell levels left.
You didn't know any spells.
Your spell library was empty.

Dungeon Overview and Level Annotations

Branches:
Dungeon (1/1)

Altars:
Makhleb


Innate Abilities, Weirdness & Mutations

You cannot be hasted, slowed, berserked, paralysed or teleported.
You can dig through walls and to a lower floor.
Your four strong arms can wield two-handed weapons with a shield.
You have a pair of large antennae on your head. (SInv)


Message History

Unknown command.
Unknown command.
Unknown command.
Unknown command.
You are engulfed in blazing flames.
You resist.
You hear a shout! x4
The eight-headed meat hydra bites you!
The eight-headed meat hydra bites you but does no damage.
You block the eight-headed meat hydra's attack.
The eight-headed meat hydra misses you.
You block the eight-headed meat hydra's attack. x3
The eight-headed meat hydra bites you but does no damage.
The bag of meat closely misses you.
You hear a shout!
A destroyer comes into view. It is wielding a +9 vorpal great sword.
The bag of meat hits you with a +9 war axe!!
You hear a shout!
The destroyer hits you with a +9 vorpal great sword!!!!!
Ouch! That really hurt!
You die...

....#......o......
#........#☼°☼......
#.V......o#o{))....
#....Lo...o°)#)....
#...Oo.{.)#)))...##
#Mo..#{.§{)).......
#§§o.##){Oo.§.#....
#§°o..#.))o.#......
#§@oo.o###{{.......
#oVDo)##...§#......
#.o..#..V.....#....
#..o.#.....o.......
#......o.........##
#.§.............
#...........
#§........#.


You could see an accursed, a tyrant, an eight-headed meat hydra, 3 destroyers, a
large bag of meat (inner flame) and 12 bags of meat.

Vanquished Creatures
  6 vampire knights (D)
  16 ogres (D)
  2 two-headed ogres (D)
  A lich (D)
  55 orcs (D)
  A skeletal warrior (D)
81 creatures vanquished.

Notes
Turn   | Place    | Note
-------+----------+-------------------------------------------
     0 | D        | Found the +∞ Axe of Woe
     0 | D        | olmar the Formicid Fighter began the quest for the Orb.
     0 | D        | Reached XP level 1. HP: 18/18 MP: 1/1
     1 | D        | Noticed a bag of meat
     2 | D        | Noticed a bag of meat
     4 | D        | Became a worshipper of Makhleb the Destroyer
     5 | D        | Noticed a bag of meat
     6 | D        | Noticed a bag of meat
     6 | D        | Noticed a bag of meat
     7 | D        | Noticed a bag of meat
     8 | D        | Noticed a bag of meat
     8 | D        | Noticed a meat berserker
     9 | D        | Killed a bag of meat
     9 | D        | Reached XP level 2. HP: 47/47 MP: 2/2
     9 | D        | Reached XP level 3. HP: 53/53 MP: 3/3
     9 | D        | Reached XP level 4. HP: 60/60 MP: 4/4
     9 | D        | Reached XP level 5. HP: 67/67 MP: 5/5
     9 | D        | Reached XP level 6. HP: 74/74 MP: 6/6
     9 | D        | Reached XP level 7. HP: 80/80 MP: 7/7
     9 | D        | Reached XP level 8. HP: 87/87 MP: 8/8
     9 | D        | Reached XP level 9. HP: 94/94 MP: 9/9
     9 | D        | Reached XP level 10. HP: 101/101 MP: 10/10
     9 | D        | Reached XP level 11. HP: 107/107 MP: 11/11
     9 | D        | Reached XP level 12. HP: 114/114 MP: 12/12
     9 | D        | Noticed a bag of meat
    12 | D        | Noticed a bag of meat
    12 | D        | Noticed a bag of meat
    13 | D        | Noticed a bag of meat
    13 | D        | Noticed a bag of meat
    13 | D        | Noticed a bag of meat
    13 | D        | Noticed a bag of meat
    13 | D        | Noticed a bag of meat
    14 | D        | Noticed a large bag of meat
    14 | D        | Noticed a bag of meat
    14 | D        | Noticed a bag of meat
    14 | D        | Noticed a meat berserker
    14 | D        | Noticed a bag of meat
    15 | D        | Noticed a bag of meat
    15 | D        | Noticed a bag of meat
    15 | D        | Noticed a bag of meat
    15 | D        | Noticed a meat berserker
    15 | D        | Noticed a bag of meat
    15 | D        | Noticed a bag of meat
    15 | D        | Noticed a bag of meat
    15 | D        | Noticed a bag of meat
    15 | D        | Noticed a bag of meat
    15 | D        | Noticed a bag of meat
    15 | D        | Noticed a bag of meat
    16 | D        | Noticed a meat berserker
    16 | D        | Killed a meat berserker
    16 | D        | Reached * piety under Makhleb
    16 | D        | Reached XP level 13. HP: 130/130 MP: 13/13
    16 | D        | Reached XP level 14. HP: 138/138 MP: 14/14
    16 | D        | Killed a bag of meat
    16 | D        | Reached XP level 15. HP: 148/148 MP: 15/15
    16 | D        | Noticed a meat berserker
    16 | D        | Noticed a meat berserker
    16 | D        | Noticed a meat berserker
    17 | D        | Noticed a meat berserker
    17 | D        | Noticed a meat berserker
    17 | D        | Noticed a meat berserker
    17 | D        | Noticed a destroyer
    18 | D        | Killed a meat berserker
    18 | D        | Reached XP level 16. HP: 161/161 MP: 16/16
    18 | D        | Reached ** piety under Makhleb
    18 | D        | Reached skill level 27 in Shields
    19 | D        | Reached skill level 27 in Fighting
    19 | D        | Reached skill level 27 in Armour
    19 | D        | Reached XP level 17. HP: 174/174 MP: 17/17
    19 | D        | Killed a meat berserker
    19 | D        | Reached *** piety under Makhleb
    19 | D        | Reached XP level 18. HP: 182/182 MP: 18/18
    19 | D        | Killed a large bag of meat
    19 | D        | Reached skill level 27 in Axes
    19 | D        | Noticed a meat berserker
    19 | D        | Noticed a meat berserker
    20 | D        | Killed a meat berserker
    20 | D        | Reached **** piety under Makhleb
    20 | D        | Reached skill level 15 in Stealth
    20 | D        | Reached XP level 19. HP: 130/189 MP: 18/35
    20 | D        | Killed a meat berserker
    20 | D        | Reached XP level 20. HP: 197/197 MP: 18/38
    20 | D        | Reached skill level 15 in Throwing
    20 | D        | Reached skill level 15 in Unarmed Combat
    20 | D        | Reached skill level 15 in Spellcasting
    20 | D        | Reached skill level 15 in Dodging
    20 | D        | Reached ***** piety under Makhleb
    21 | D        | Killed a meat berserker
    21 | D        | Reached XP level 21. HP: 193/204 MP: 18/44
    21 | D        | Reached XP level 22. HP: 212/212 MP: 18/46
    21 | D        | Killed a meat berserker
    21 | D        | Reached skill level 27 in Stealth
    21 | D        | Noticed a large bag of meat
    21 | D        | Noticed a meat berserker
    22 | D        | Killed a meat berserker
    22 | D        | Reached ****** piety under Makhleb
    22 | D        | Reached skill level 27 in Invocations
    22 | D        | Reached XP level 23. HP: 219/219 MP: 18/50
    24 | D        | Noticed a destroyer
    24 | D        | Reached skill level 27 in Throwing
    24 | D        | Reached skill level 27 in Unarmed Combat
    24 | D        | Reached skill level 27 in Spellcasting
    24 | D        | Reached skill level 27 in Dodging
    24 | D        | Reached XP level 24. HP: 227/227 MP: 19/54
    24 | D        | Noticed a destroyer
    24 | D        | Noticed a destroyer
    25 | D        | Noticed a destroyer
    26 | D        | Reached XP level 25. HP: 234/234 MP: 19/54
    28 | D        | Killed a destroyer
    28 | D        | Reached XP level 26. HP: 94/242 MP: 20/54
    28 | D        | Reached XP level 27. HP: 249/249 MP: 20/54
    30 | D        | Killed a destroyer
    34 | D        | Noticed a large bag of meat
    36 | D        | Killed a destroyer
    37 | D        | Noticed a destroyer
    40 | D        | Noticed a destroyer
    41 | D        | Killed a destroyer
    41 | D        | Killed a destroyer
    44 | D        | Noticed a tyrant
    46 | D        | Killed a destroyer
    46 | D        | Killed a large bag of meat
    47 | D        | Noticed an accursed
    47 | D        | Noticed a destroyer
    48 | D        | Noticed a tyrant
    49 | D        | Killed a tyrant
    50 | D        | Noticed a destroyer
    50 | D        | Mangled by a destroyer

Illustrated notes

Levels and vault maps discovered:
D:        meatsprint

Skill      XL: |  1  2  3  4  5  6  7  8  9 10 11 12 13 14 15 16 17 18 19 20 21 22 23 |
---------------+----------------------------------------------------------------------+-----
Fighting       | 17 21 22 24 27 | 27.0
Axes           | 8 11 12 14 19 25 27 | 27.0
Armour         | 17 21 22 24 27 | 27.0
Shields        | 18 22 23 25 27 | 27.0
Throwing       | 12 14 19 21 24 27 | 27.0
Dodging        | 11 13 18 19 22 27 | 27.0
Stealth        | 15 18 23 26 27 | 27.0
Unarmed Combat | 12 14 19 21 24 27 | 27.0
Spellcasting   | 12 14 19 20 23 27 | 27.0
Invocations    | 14 16 21 23 27 | 27.0

Action                   |  1- 3 |  4- 6 |  7- 9 | 10-12 | 13-15 | 16-18 | 19-21 | 22-24 | 25-27 || total
-------------------------+-------+-------+-------+-------+-------+-------+-------+-------+-------++-------
Melee: Executioner's axe |     1 |       |       |     1 |     1 |     2 |     1 |     3 |    12 ||    21
Armor: Scale mail        |       |       |       |       |     1 |       |       |       |     2 ||     3
Dodge: Dodged            |       |       |       |       |       |     1 |       |       |     4 ||     5
Block: Kite shield       |       |       |       |       |     1 |       |       |       |     9 ||    10

Table legend: (Time is in decaauts)
 A = Elapsed time spent in this place.
 B = Non-inter-level travel time spent in this place.
 C = Inter-level travel time spent in this place.
 D = Time resting spent in this place.
 E = Time spent auto-exploring this place.
 F = Levels seen in this place.
 G = Mean time per level.
                   A        B        C        D        E       F      G
               +--------+--------+--------+--------+--------+-----+--------+
         Total |     46 |     46 |      0 |      0 |      0 |   1 |   46.0 |
       Dungeon |     46 |     46 |      0 |      0 |      0 |   1 |   46.0 |
               +--------+--------+--------+--------+--------+-----+--------+

Top non-repeatable levels by time:
       D: 46 daAuts
